 Dungeon Crawl Stone Soup version 0.29.1-14-g9c671dbff4 (webtiles) character file.

Game seed: 5238312165033240755

434 zeram the Chopper (level 7, -9/61 HPs)
             Began as a Hill Orc Fighter on Feb 19, 2023.
             Mangled by Duvessa
             ... wielding a +0 short sword
              (13 damage)
             ... on level 4 of the Dungeon.
             The game lasted 00:07:27 (4467 turns).

zeram the Chopper (Hill Orc Fighter)                Turns: 4467, Time: 00:07:28

Health: -9/61      AC:  8    Str: 21    XL:     7   Next: 0%
Magic:  2/2        EV:  9    Int:  8    God:
Gold:   185        SH:  4    Dex: 10    Spells: 6/6 levels left

rFire   . . .      SeeInvis .   l - +3 hand axe (antimagic)
rCold   . . .      Faith    .   c - +0 buckler
rNeg    . . .      Spirit   .   b - +0 scale mail
rPois   .          Reflect  .   (no helmet)
rElec   .          Harm     .   (no cloak)
rCorr   .          Rampage  .   (no gloves)
Will    .....                   r - +0 pair of boots
Stlth   ..........              (no amulet)
HPRegen 0.20/turn               (no ring)
MPRegen 0.08/turn               (no ring)

@: no status effects
A: no striking features
a: no special abilities


You were on level 4 of the Dungeon.
You visited 1 branch of the dungeon, and saw 4 of its levels.

You collected 185 gold pieces.

Inventory:

Hand Weapons
 a - a +0 war axe
 l - a +3 antimagic hand axe (weapon)
 n - a +4 great mace
 s - a +0 whip of electrocution
Armour
 b - a +0 scale mail (worn)
 c - a +0 buckler (worn)
 r - a +0 pair of boots (worn)
Wands
 o - a wand of digging (6)
 t - a wand of polymorph (9)
Scrolls
 d - a scroll of amnesia {unknown}
 f - a scroll of vulnerability
 h - a scroll of teleportation
 m - a scroll of blinking
 u - a scroll of noise
Potions
 e - 2 potions of flight {unknown}
 g - a potion of magic {unknown}
 i - a potion of brilliance {unknown}
 j - a potion of degeneration {unknown}
 k - a potion of curing


   Skills:
 + Level 5.0 Fighting
 + Level 6.0 Axes
 + Level 4.9 Armour
 + Level 1.1 Dodging
 + Level 4.5 Shields
 + Level 0.2 Unarmed Combat


You had 6 spell levels left.
You didn't know any spells.
Your spell library contained the following spells:

 Spells                   Type           Power      Damage    Failure   Level
 Shock                    Conj/Air       0%         1d3       82%         1
 Swiftness                Air            0%         N/A       99%         3
 Tukima's Dance           Hex            0%         N/A       99%         3
 Airstrike                Air            0%         2d(0-16)  100%        4
 Passage of Golubria      Tloc           0%         N/A       100%        4
 Yara's Violent Unravell  Hex/Tmut       0%         3d3       100%        5


Dungeon Overview and Level Annotations

Branches:
Dungeon (4/15)
 Temple: D:4-7

Altars:

Shops:
D:2 :[??(

Annotations:
D:4 Duvessa


Message History

You hear a shout!
There is an open door here.
You hear a shout! x2
You hear a shout!
You see here a ball python corpse.
You hear a shout!
Duvessa shouts!
Duvessa is nearby!
Duvessa is nearby!
You hit Duvessa.
Duvessa is lightly wounded.
Duvessa hits you with a +0 short sword! x2
You hit Duvessa.
Duvessa is lightly wounded.
Duvessa misses you.
You hit Duvessa.
Duvessa is lightly wounded.
Duvessa hits you with a +0 short sword. You block Duvessa's attack.
You slash Duvessa!
Duvessa is moderately wounded.
Duvessa closely misses you. Duvessa hits you with a +0 short sword.
You hit Duvessa but do no damage.
Duvessa is moderately wounded.
Duvessa hits you with a +0 short sword.
You barely miss Duvessa.
Duvessa is moderately wounded.
Duvessa hits you with a +0 short sword. You block Duvessa's attack.
You hit Duvessa but do no damage.
Duvessa is moderately wounded.
Duvessa hits you with a +0 short sword.
* * * LOW HITPOINT WARNING * * *
You hit Duvessa.
Duvessa is moderately wounded.
Duvessa hits you with a +0 short sword!
* * * LOW HITPOINT WARNING * * *
Duvessa barely misses you.
You barely miss Duvessa.
Duvessa is moderately wounded.
Duvessa hits you with a +0 short sword!
You die...

#.##.#.#...# #..'...........
#.##[#.#...# #.##.........#.
#....#.#...########.##...........
###..#)#...............#########.
..o....)[#.........##### ######'
.##..#)#...........# #......
.#...#.##..........# #......
.....#.###.....e...# #......
.##.##.#.#......@..### #......
.........#...........# #......
.#######.#.....).....# #......
.........######......######......
...####..............)...........
...####.#############†#..........
........# #............ ........#
####........... ........#
#.....#........


You could see Duvessa (berserk).

Vanquished Creatures
  A black bear (D:4)
  3 orc priests
  An iguana (D:4)
  2 orc wizards
  3 gnolls (D:3)
  2 adders (D:2)
  An ufetubus (D:4)
  A worm (D:2)
  4 dart slugs (D:2)
  12 orcs
  6 ball pythons
  5 bats
  5 endoplasms
  A giant cockroach (D:1)
  6 goblins
  5 hobgoblins
  9 kobolds
  6 quokkas
  2 frilled lizards (D:2)
  6 rats
81 creatures vanquished.

Vanquished Creatures (others)
  Dowan (D:4)
1 creature vanquished.

Grand Total: 82 creatures vanquished

Notes
Turn   | Place    | Note
-------+----------+-------------------------------------------
     0 | D:1      | zeram the Hill Orc Fighter began the quest for the Orb.
     0 | D:1      | Reached XP level 1. HP: 19/19 MP: 1/1
   141 | D:1      | Reached XP level 2. HP: 26/27 MP: 2/2
   385 | D:1      | Reached skill level 3 in Axes
   598 | D:1      | Reached XP level 3. HP: 33/33 MP: 1/3
   883 | D:2      | Found Olaptaplel's Magic Scroll Shoppe.
   883 | D:2      | Found Efrais's Weapon Emporium.
   984 | D:2      | Found Mytin's Magic Scroll Shoppe.
  1238 | D:2      | Found Iracot's Antique Armour Emporium.
  1258 | D:2      | Reached XP level 4. HP: 36/40 MP: 1/4
  1480 | D:2      | Found Dipruwna's Book Emporium.
  1773 | D:2      | Reached skill level 4 in Axes
  2233 | D:3      | Reached XP level 5. HP: 38/47 MP: 1/5
  2548 | D:3      | Reached skill level 5 in Axes
  3014 | D:3      | Found a faded altar of an unknown god.
  3181 | D:4      | Reached XP level 6. HP: 18/53 MP: 2/6
  3566 | D:4      | Noticed a black bear
  3573 | D:4      | Killed a black bear
  3574 | D:4      | Reached skill level 5 in Fighting
  3574 | D:4      | Reached skill level 6 in Axes
  3574 | D:4      | Reached skill level 1 in Dodging
  3735 | D:4      | Noticed Duvessa
  3735 | D:4      | Noticed Dowan
  3745 | D:4      | Killed Dowan
  3762 | D:4      | HP: 1/56 [Duvessa/bolt of light (20)]
  4355 | D:4      | Reached XP level 7. HP: 61/61 MP: 2/7
  4467 | D:4      | Mangled by Duvessa

Illustrated notes

Levels and vault maps discovered:
D:1:      psy_arrival_conway, layout_loops_ring
D:2:      layout_loops_ring, serial_shops, shop, shop_statue,
          nicolae_lakefront_shop, nicolae_square_shop, shop, minmay_box_of_dots
D:3:      layout_basic, hellmonk_ecumenical_altar_lost_god,
          nicolae_underground_beach
D:4:      layout_basic, solitary_fountain, uniq_duvessa

Skill      XL: |  1  2  3  4  5  6 |
---------------+-------------------+-----
Fighting       | 4 5 |  5.0
Axes           | 3 4 5 6 |  6.0
Armour         | 4 |  4.9
Shields        | 4 |  4.5
Dodging        | 1 |  1.1
Unarmed Combat | |  0.2

Action                   |  1- 3 |  4- 6 |  7- 9 || total
-------------------------+-------+-------+-------++-------
Melee: War axe           |    56 |       |       ||    56
       Hand axe          |    56 |   150 |    15 ||   221
       Unarmed           |       |    17 |       ||    17
Evoke: Wand              |       |     1 |       ||     1
  Use: Scroll            |     4 |    11 |       ||    15
       Potion            |       |     6 |       ||     6
 Stab: Invisible         |       |     3 |       ||     3
Armor: Scale mail        |    45 |    80 |     1 ||   126
Dodge: Dodged            |    53 |    89 |     6 ||   148
Block: Buckler           |    28 |    26 |     2 ||    56
